 Dungeon Crawl Stone Soup version 0.27-a0-1273-gec92ba881d (webtiles) character file.

Game seed: 10206039264869076344

7575 avis the Severer (level 11, -5/99 HPs)
             Began as a Hill Orc Monk on June 11, 2021.
             Was an Elder of Beogh.
             Slain by a two-headed ogre
             ... wielding a +0 giant spiked club
              (17 damage)
             ... on level 9 of the Dungeon.
             The game lasted 00:58:16 (12072 turns).

avis the Severer (Hill Orc Monk)                   Turns: 12072, Time: 00:58:17

Health: -5/99      AC: 14    Str: 24    XL:     11   Next: 17%
Magic:  9/18       EV:  9    Int: 10    God:    Beogh [****..]
Gold:   500        SH:  0    Dex: 19    Spells: 10/10 levels left

rFire    . . .     SeeInvis .   a - +4 hand axe (freeze)
rCold    . . .     Faith    .   (no shield)
rNeg     . . .     Spirit   .   G - +0 chain mail
rPois    .         Reflect  .   k - +1 helmet
rElec    .         Harm     .   f - +0 cloak
rCorr    .         Rampage  .   D - +0 pair of gloves
Will     .....                  (no boots)
Stlth    ..........             N - amulet of the acrobat
HPRegen  0.26/turn              H - +6 ring of dexterity
MPRegen  0.16/turn              O - +6 ring of strength

@: studying Shields
A: no striking features
a: Renounce Religion, Smiting, Recall Orcish Followers


You were on level 9 of the Dungeon.
You worshipped Beogh.
Beogh was greatly pleased with you.
You visited 2 branches of the dungeon, and saw 10 of its levels.

You collected 500 gold pieces.

Inventory:

Hand Weapons
 a - a +4 hand axe of freezing (weapon)
 b - a +0 whip of electrocution
 m - a +0 arbalest of freezing
 r - a +0 spear
 s - a +0 halberd
 u - a +0 spear
 w - a +3 shortbow
 B - a +0 spear
 E - a +0 flail of protection
 J - a +0 halberd
 W - a +3 spear
 X - a +0 halberd
 Y - a +4 spear of venom
 Z - a +0 halberd
Missiles
 e - 71 stones
 h - 146 arrows
 j - 43 poisoned darts
 n - 8 javelins
 p - a throwing net
 t - 10 boomerangs (quivered)
Armour
 f - a +0 cloak (worn)
 k - a +1 helmet (worn)
 D - a +0 pair of gloves (worn)
 G - a +0 chain mail (worn)
 I - a +0 robe of positive energy
Jewellery
 H - a +6 ring of dexterity (left hand)
 N - an amulet of the acrobat (around neck)
 O - a +6 ring of strength (right hand)
 S - an amulet of magic regeneration
Wands
 d - a wand of flame (9)
Scrolls
 g - 3 scrolls of teleportation
 o - 2 scrolls of magic mapping {unknown}
 q - 2 scrolls of vulnerability {unknown}
 y - a scroll of blinking {unknown}
 C - a scroll of immolation {unknown}
 K - a scroll of enchant weapon {unknown}
 L - 2 scrolls of amnesia {unknown}
 M - 2 scrolls of fear
 Q - 2 scrolls of holy word {unknown}
 R - 2 scrolls of noise {unknown}
 T - 2 scrolls of fog {unknown}
 V - a scroll of identify
Potions
 c - a potion of cancellation
 i - 2 potions of brilliance
 l - a potion of invisibility
 v - 5 potions of haste
 x - a potion of lignification {unknown}
 z - a potion of might
 A - a potion of heal wounds
 F - a potion of flight {unknown}
 P - a potion of degeneration {unknown}
 U - a potion of curing {unknown}


   Skills:
 - Level 10.0 Fighting
 * Level 15.0 Axes
 - Level 5.0 Armour
 - Level 2.4 Dodging
 - Level 1.5 Stealth
 + Level 10.3 Invocations


You had 10 spell levels left.
You didn't know any spells.
Your spell library contained the following spells:

 Spells                   Type           Power      Damage    Failure   Level
 Beastly Appendage        Tmut           0%         N/A       95%         1
 Magic Dart               Conj           0%         1d3       95%         1
 Poisonous Vapours        Pois/Air       0%         N/A       98%         2
 Searing Ray              Conj           0%         3d3       98%         2
 Wereblood                Tmut           0%         N/A       98%         2
 Conjure Flame            Conj/Fire      0%         6-21      100%        3
 Dazzling Flash           Conj/Hex       0%         N/A       100%        3
 Mephitic Cloud           Conj/Pois/Air  0%         N/A       100%        3
 Spider Form              Tmut/Pois      0%         N/A       100%        3
 Fulminant Prism          Conj/Hex       0%         3d6       100%        4
 Ice Form                 Ice/Tmut       0%         N/A       100%        4
 Iskenderun's Mystic Bla  Conj/Tloc      0%         2d3       100%        4
 Freezing Cloud           Conj/Ice/Air   0%         6-21      100%        5


Dungeon Overview and Level Annotations

Branches:
Dungeon (9/15)             Temple (1/1) D:7             Orc (0/2) D:9
   Lair: D:8-11

Altars:
Ashenzari
Elyvilon
Gozag
Makhleb
Nemelex Xobeh
Qazlal

Annotations:
D:3 3 runed translucent doors, freelancePsychic's ghost, amateur HuAr


Message History

The purple ugly thing engulfs you but does no damage.
Aiming: Smiting
Press: ? - help, Dir - move target, f/p - purple ugly thing Smite: a purple ugly thing (heavily wounded, ally target)
You smite the purple ugly thing!
The purple ugly thing is almost dead.
The purple ugly thing barely misses you.
Unknown command.
Aiming: Throw Flame
Press: ? - help, Shift-Dir - straight line, f/p - purple ugly thing
Aim: a purple ugly thing (almost dead, ally target, 68% to hit)
The puff of flame hits the purple ugly thing.
The purple ugly thing is almost dead.
The purple ugly thing engulfs you but does no damage.
Unknown command.
You hit the purple ugly thing. You freeze the purple ugly thing.
You kill the purple ugly thing!
Beogh accepts your kill.
Your Axes skill increases to level 15!
You hit the killer bee. You freeze the killer bee.
The killer bee is moderately wounded.
The killer bee stings you but does no damage.
You hit the killer bee. You freeze the killer bee.
The killer bee is severely wounded.
The killer bee stings you.
* * * LOW HITPOINT WARNING * * *
You slash the killer bee! You freeze the killer bee.
You kill the killer bee!
Beogh accepts your kill.
Aiming: Smiting
Press: ? - help, Dir - move target, f - two-headed ogre Smite: a two-headed ogre, wielding two +0 giant spiked clubs (ally target)
You smite the two-headed ogre!
The two-headed ogre is moderately wounded.
You slash the two-headed ogre! You freeze the two-headed ogre.
The two-headed ogre is heavily wounded.
The two-headed ogre hits you with a +0 giant spiked club!
* * * LOW HITPOINT WARNING * * *
The two-headed ogre hits you with a +0 giant spiked club!
You die...

.............#.#...#.##.#
.............#...)...##.#
......8......#.####.....#
####.....##########.....#########
......... #........)........
.....####. #.##.....)..#####.
..... .. #.##........[÷.... ####.
.. #o##.>...###.###.. ...
#@##.....#.....#
.###O##.....#.8.8.#.
#.###.##.##.....8....
#........##..#.8.8.#.#
#####....u...#.....#..
#..###O#####.### #
#..#.....#⌠...⌠#
#.$#..)..#.....#.
#....!?(.).y⌠....


You could see a two-headed ogre (ally target) and the friendly Morbeogh the orc
knight.

Vanquished Creatures
  Pikel (D:5)
  An ugly thing (D:9)
  A hornet (D:8)
  Grinder (D:4)
  A shadow (D:9)
  12 yaks
  Menkaure (D:5)
  A steam dragon (D:9)
  A two-headed ogre zombie (D:9)
  2 water moccasins
  An acid dragon (D:6)
  Duvessa (D:6)
  2 orc warriors
  2 black bears
  An ice beast (D:7)
  4 centaurs
  3 ogres
  A phantom (D:5)
  2 lemures (D:5)
  A kobold brigand (D:9)
  Blork the orc (D:4)
  5 bullfrogs
  3 gnoll sergeants
  A scorpion (D:5)
  Dowan (D:6)
  2 killer bees (D:9)
  3 wights (D:8)
  A howler monkey (D:5)
  A bullfrog zombie (D:5)
  5 hounds
  A centaur skeleton (D:4)
  An orc priest (D:7)
  2 jellies
  Terence (D:3)
  A bullfrog skeleton (D:6)
  5 iguanas
  2 orc wizards
  4 ogre zombies (D:9)
  2 howler monkey zombies (D:9)
  15 gnolls
  2 adders (D:4)
  A shadow imp (D:7)
  2 white imps
  An adder skeleton (D:4)
  A worm (D:3)
  A dart slug (D:1)
  16 orcs
  6 endoplasms
  6 giant cockroaches
  9 goblins
  7 hobgoblins
  12 jackals
  8 kobolds
  2 quokkas
  5 ball pythons
  5 bats
  7 frilled lizards
  3 goblin zombies (D:9)
  A hobgoblin skeleton (D:9)
  An orc skeleton (D:9)
  8 orc zombies (D:9)
  5 rats
206 creatures vanquished.

Vanquished Creatures (collateral kills)
  A two-headed ogre (D:9)
  2 yaks
  A wyvern (D:8)
  An acid dragon (D:9)
  2 phantoms (D:9)
  A troll zombie (D:9)
  A killer bee (D:9)
  4 wights
  A gnoll shaman (D:8)
  2 ogre zombies (D:9)
  A howler monkey zombie (D:9)
  3 gnolls
  An orc (D:7)
  A hobgoblin skeleton (D:9)
  A hobgoblin zombie (D:9)
  9 orc zombies (D:9)
32 creatures vanquished.

Vanquished Creatures (others)
  A phantom (D:9)
  An orc priest (D:3)
  An orc wizard (D:7)
  4 orcs (D:7)
  An orc zombie (D:9)
8 creatures vanquished.

Grand Total: 246 creatures vanquished

Notes
Turn   | Place    | Note
-------+----------+-------------------------------------------
     0 | D:1      | avis the Hill Orc Monk began the quest for the Orb.
     0 | D:1      | Reached XP level 1. HP: 19/19 MP: 1/1
   219 | D:1      | Reached XP level 2. HP: 7/27 MP: 2/2
   598 | D:1      | Reached skill level 1 in Armour
   800 | D:1      | Reached XP level 3. HP: 32/33 MP: 3/3
   921 | D:1      | Found a faded altar of an unknown god.
   967 | D:1      | Reached skill level 5 in Axes
  1777 | D:2      | Reached XP level 4. HP: 37/40 MP: 4/4
  2734 | D:3      | Became a worshipper of Beogh the Brigand
  2734 | D:3      | Reached * piety under Beogh
  2734 | D:3      | Reached ** piety under Beogh
  2831 | D:3      | Noticed Terence
  3335 | D:3      | Noticed freelancePsychic's ghost (amateur HuAr)
  3373 | D:3      | Found a runed translucent gate.
  3373 | D:3      | Found a runed translucent gate.
  3373 | D:3      | Found a runed translucent gate.
  3476 | D:3      | Reached XP level 5. HP: 43/47 MP: 5/5
  3492 | D:3      | Reached skill level 6 in Axes
  3727 | D:3      | Killed Terence
  3842 | D:3      | Found a broken altar of Ashenzari.
  3843 | D:3      | Found an opulent altar of Gozag.
  3934 | D:4      | Reached skill level 1 in Invocations
  4371 | D:4      | Noticed an ogre
  4385 | D:4      | Killed an ogre
  4386 | D:4      | Reached skill level 5 in Fighting
  4386 | D:4      | Reached XP level 6. HP: 56/56 MP: 7/7
  4659 | D:4      | Noticed Grinder
  4663 | D:4      | Killed Grinder
  4664 | D:4      | Reached skill level 7 in Axes
  4664 | D:4      | Reached XP level 7. HP: 61/61 MP: 1/9
  4830 | D:4      | Found a burning altar of Makhleb.
  4864 | D:5      | Entered Level 5 of the Dungeon
  4939 | D:5      | Noticed Blork the orc
  4969 | D:4      | Reached skill level 8 in Axes
  5200 | D:4      | Killed Blork the orc
  5269 | D:5      | Reached XP level 8. HP: 70/70 MP: 11/11
  5280 | D:5      | Noticed Menkaure
  5292 | D:5      | Killed Menkaure
  5316 | D:5      | Reached skill level 9 in Axes
  5386 | D:5      | Found a white marble altar of Elyvilon.
  6003 | D:6      | Reached skill level 5 in Invocations
  6120 | D:5      | Reached skill level 5 in Armour
  6232 | D:6      | Reached skill level 10 in Axes
  6277 | D:6      | Reached XP level 9. HP: 55/79 MP: 13/13
  6803 | D:6      | Reached skill level 11 in Axes
  7146 | D:6      | Noticed Pikel
  7228 | D:5      | Killed Pikel
  7229 | D:5      | Reached skill level 12 in Axes
  7578 | D:6      | Noticed Duvessa
  7578 | D:6      | Noticed Dowan
  7597 | D:6      | Killed Duvessa
  7704 | D:6      | Killed Dowan
  8529 | D:7      | Found a staircase to the Ecumenical Temple.
  8550 | D:6      | Reached XP level 10. HP: 83/90 MP: 15/15
  8775 | Temple   | Entered the Ecumenical Temple
  8851 | D:7      | Reached *** piety under Beogh
  9502 | Temple   | Upgraded the game from 0.27-a0-1256-gced786f65e to
                  | 0.27-a0-1273-gec92ba881d
  9601 | D:8      | Reached skill level 13 in Axes
  9831 | D:8      | Found a stormy altar of Qazlal.
 11206 | D:9      | Reached skill level 14 in Axes
 11596 | D:9      | Reached **** piety under Beogh
 11605 | D:9      | Found a staircase to the Orcish Mines.
 11614 | D:9      | Reached skill level 10 in Fighting
 11620 | D:9      | Gained Morbeogh as an ally
 11636 | D:9      | Reached XP level 11. HP: 40/99 MP: 18/18
 12027 | D:9      | Noticed a two-headed ogre
 12028 | D:9      | Noticed a two-headed ogre
 12033 | D:9      | Noticed a purple ugly thing
 12035 | D:9      | Reached skill level 10 in Invocations
 12052 | D:9      | Killed a two-headed ogre
 12067 | D:9      | Killed a purple ugly thing
 12068 | D:9      | Reached skill level 15 in Axes
 12072 | D:9      | Slain by a two-headed ogre

Illustrated notes

Levels and vault maps discovered:
D:1:      dpeg_arrival_water_temple_mockup, layout_loops_ring,
          hellmonk_ecumenical_altar_run_dry
D:2:      layout_basic, minmay_door_square
D:3:      kennysheep_the_goblin_king, layout_loops_ring,
          nicolae_overflow_hidden_temple, gammafunk_ghost_icy, minivault_25,
          nicolae_underground_beach, uniq_terence
D:4:      layout_loops_cross, kennysheep_little_box, kennysheep_generic_room_4,
          uniq_grinder
D:5:      layout_rooms, elyvilon_altar_4, kennysheep_generic_room_12,
          uniq_blork_the_orc, uniq_menkaure
D:6:      layout_gridville, minmay_manual_mail, uniq_duvessa, uniq_pikel
D:7:      layout_cave_pools, minmay_temple_entry_crystal_x,
          hangedman_decor_opposing
D:8:      layout_gridville, lemuel_doored_altar
D:9:      layout_basic, dk_yredelemnul_ordeal, zombieorc2_lemuel,
          minmay_chambers_of_fives
Temple:   nicolae_temple_elliptical

Skill      XL: |  1  2  3  4  5  6  7  8  9 10 11 |
---------------+----------------------------------+-----
Armour         | 1 2 3 4 5 |  5.0
Fighting       | 4 5 6 7 8 10 | 10.0
Axes           | 5 6 7 8 10 12 14 15 | 15.0
Invocations    | 2 3 4 5 7 9 10 | 10.3
Dodging        | |  2.4
Stealth        | |  1.5

Action                   |  1- 3 |  4- 6 |  7- 9 | 10-12 || total
-------------------------+-------+-------+-------+-------++-------
Melee: Hand axe          |    31 |   118 |   210 |   130 ||   489
       Short sword       |    87 |    65 |       |       ||   152
       Whip              |       |       |    35 |   107 ||   142
 Fire: Shortbow          |       |       |       |     1 ||     1
Throw: Boomerang         |       |     9 |    30 |       ||    39
       Javelin           |       |     8 |       |       ||     8
       Dart              |       |     5 |    25 |       ||    30
Invok: Convert to Beogh  |       |     1 |       |       ||     1
       Smiting           |       |     2 |     4 |     4 ||    10
Evoke: Wand              |       |     4 |    18 |     2 ||    24
  Use: Scroll            |       |       |     4 |     4 ||     8
       Potion            |       |       |       |     1 ||     1
 Stab: Sleeping          |     5 |     4 |     1 |       ||    10
       Distracted        |       |       |       |     1 ||     1
Armor: Robe              |    30 |    15 |       |       ||    45
       Ring mail         |       |    37 |    60 |       ||    97
       Chain mail        |       |       |    24 |   102 ||   126
Dodge: Dodged            |    51 |    96 |   130 |   112 ||   389

Table legend: (Time is in decaauts)
 A = Elapsed time spent in this place.
 B = Non-inter-level travel time spent in this place.
 C = Inter-level travel time spent in this place.
 D = Time resting spent in this place.
 E = Time spent auto-exploring this place.
 F = Levels seen in this place.
 G = Mean time per level.
                   A        B        C        D        E       F      G
               +--------+--------+--------+--------+--------+-----+--------+
         Total |  11963 |  11268 |    695 |   4129 |   4523 |  10 | 1196.3 |
       Dungeon |  11869 |  11174 |    695 |   4075 |   4523 |   9 | 1318.8 |
        Temple |     94 |     94 |      0 |     54 |      0 |   1 |   94.0 |
               +--------+--------+--------+--------+--------+-----+--------+

Top non-repeatable levels by time:
     D:6: 1939 daAuts
     D:1: 1509 daAuts
     D:8: 1468 daAuts
     D:5: 1368 daAuts
     D:4: 1302 daAuts
     D:3: 1221 daAuts
     D:2: 1215 daAuts
     D:9: 969 daAuts
     D:7: 875 daAuts
  Temple: 94 daAuts
